 Dungeon Crawl Stone Soup version 0.30-a0-782-ge64f9170bb (webtiles) character file.

Game seed: 8763545361778313739

14390 XanderDroid the Grappler (level 11, -2/111 HPs)
             Began as a Troll Fighter on Feb 23, 2023.
             Was a High Priest of Wu Jian.
             Slain by a vampire (8 damage)
             ... on level 12 of the Dungeon.
             The game lasted 00:38:12 (10347 turns).

XanderDroid the Grappler (Troll Fighter)           Turns: 10347, Time: 00:38:13

Health: -2/111     AC:  8    Str: 26    XL:     11   Next: 88%
Magic:  10/10      EV: 10    Int:  8    God:    Wu Jian [*****.]
Gold:   177        SH: 11    Dex:  9    Spells: 10/10 levels left

rFire   . . .      SeeInvis .      - Unarmed
rCold   . . .      Faith    .    b - +1 kite shield
rNeg    + . .      Spirit   .    a - +0 robe
rPois   .          Reflect  .    N - +2 hat
rElec   .          Harm     .    C - +1 cloak
rCorr   .          Rampage  .    (gloves unavailable)
Will    +....                    (boots unavailable)
Stlth   +                        (no amulet)
HPRegen 1.18/turn                B - ring of positive energy
MPRegen 0.12/turn                L - ring of willpower

@: no status effects
A: large, unfitting armour, claws 3, regeneration 1, shaggy fur 1, tough skin 1
a: Renounce Religion, Wall Jump, Serpent's Lash, Heavenly Storm


You were on level 12 of the Dungeon.
You worshipped Wu Jian.
Wu Jian was extremely pleased with you.
You visited 2 branches of the dungeon, and saw 13 of its levels.
You also visited: Bailey.

You collected 818 gold pieces.
You spent 641 gold pieces at shops.

Inventory:

Missiles
 n - 29 poisoned darts (quivered)
 q - 5 atropa-tipped darts
 v - 4 boomerangs
 y - 6 throwing nets
 M - a curare-tipped dart
Armour
 a - a +0 robe (worn)
 b - a +1 kite shield (worn)
 h - a scarf of resistance
 C - a +1 cloak (worn)
 N - a +2 hat (worn)
Magical Staves
 J - a staff of earth
Jewellery
 B - a ring of positive energy (left claw)
 L - a ring of willpower (right claw)
Wands
 e - a wand of mindburst (5)
 k - a wand of light (2)
 l - a wand of iceblast (5)
 t - a wand of flame (6)
 A - a wand of charming (6)
 E - a wand of digging (6)
Scrolls
 d - 8 scrolls of identify
 g - 2 scrolls of poison
 o - 7 scrolls of enchant armour
 p - a scroll of torment {unknown}
 r - a scroll of acquirement {unknown}
 u - 5 scrolls of blinking
 w - 6 scrolls of fog
 x - 4 scrolls of teleportation
 D - a scroll of magic mapping {unknown}
 G - a scroll of fear {unknown}
 H - 3 scrolls of silence
 O - a scroll of amnesia {unknown}
Potions
 c - 3 potions of might
 f - 5 potions of curing
 m - 4 potions of flight
 s - 2 potions of lignification
 z - 4 potions of attraction
 F - 2 potions of ambrosia
 I - a potion of mutation
 K - a potion of cancellation
Miscellaneous
 i - a lightning rod (4/4)


   Skills:
 + Level 8.1 Fighting
 + Level 6.3 Dodging
 + Level 8.9 Shields
 * Level 13.0 Unarmed Combat


You had 10 spell levels left.
You didn't know any spells.
Your spell library contained the following spells:

 Spells                   Type           Power      Damage    Failure   Level
 Beastly Appendage        Tmut           0%         N/A       63%         1
 Magic Dart               Conj           0%         1d3       63%         1
 Call Imp                 Summ           0%         N/A       77%         2
 Wereblood                Tmut           0%         N/A       77%         2
 Dazzling Flash           Conj/Hex       0%         N/A       94%         3
 Kindle Blastsparks       Fire/Tloc/Air  0%         2d10      94%         3
 Mephitic Cloud           Conj/Pois/Air  0%         N/A       94%         3
 Spider Form              Tmut/Pois      0%         N/A       94%         3
 Tukima's Dance           Hex            0%         N/A       94%         3
 Fulminant Prism          Conj/Hex       0%         3d5       100%        4
 Iskenderun's Mystic Bla  Conj/Tloc      0%         2d3       100%        4
 Passage of Golubria      Tloc           0%         N/A       100%        4
 Lee's Rapid Deconstruct  Erth           0%         3d4*      100%        5
 Yara's Violent Unravell  Hex/Tmut       0%         3d3       100%        5
 Starburst                Conj/Fire      0%         6d3       100%        6


Dungeon Overview and Level Annotations

Branches:
Dungeon (12/15)            Temple (1/1) D:7            Lair (0/5) D:10
    Orc (0/2) D:11         Bailey (visited)

Altars:
Ashenzari
Cheibriados
Dithmenos
Elyvilon
Fedhas
Gozag
Hepliaklqana
Kikubaaqudgha
Makhleb
Nemelex Xobeh
Okawaru
Qazlal
Ru
Sif Muna
Trog
Uskayaw
Vehumet
Wu Jian
Xom
Yredelemnul
Zin
The Shining One

Shops:
D:7 *


Innate Abilities, Weirdness & Mutations

You are too large for most types of armour.
You have claws for hands.
Your natural rate of healing is unusually fast.
You are covered in fur. (AC +1)
You have tough skin. (AC +1)


Message History

You scratch the manticore.
The manticore is almost dead.
Something hits you but does no damage. Something bites you.
You block the manticore's attack. The manticore claws you!
The manticore barely misses you.
You claw the manticore!
You kill the manticore!
The Council accepts your kill. Something hits you! Something bites you!
Something draws strength from your injuries!
Your Unarmed Combat skill increases to level 13!
You are too injured to fight recklessly!
You are too injured to fight recklessly!
You closely miss something. Something hits you. Something bites you!
* * * LOW HITPOINT WARNING * * *
Something draws strength from your injuries!
You mangle something!! You claw something! Something completely misses you.
Something bites you!
* * * LOW HITPOINT WARNING * * *
Something draws strength from your injuries!
You closely miss something. Something draws life force from you!
* * * LOW HITPOINT WARNING * * *
You miss something. Something draws life force from you.
* * * LOW HITPOINT WARNING * * *
You scratch something. Something hits you but does no damage.
Something bites you!
* * * LOW HITPOINT WARNING * * *
Something draws strength from your injuries!
You feel better. Something hits you!
* * * LOW HITPOINT WARNING * * *
Something bites you.
* * * LOW HITPOINT WARNING * * *
Something draws strength from your injuries!
You feel much better. Something hits you!
* * * LOW HITPOINT WARNING * * *
Something bites you!
* * * LOW HITPOINT WARNING * * *
Something draws strength from your injuries!
You closely miss something. Something hits you!
You die...

#.........##
#.........'
#.........#
#.........#
#.........#
#.........# #'## #.{##
##@.# ######'##
#.......#######+######
#.......'.#..........#
#.......#.#......>...#
#.......#.#.......)..#
#.......#.#..........#
#.......#.'..........'
#<......###..........#


There were no monsters in sight!

Vanquished Creatures
  A two-headed ogre (D:9)
  Erica (D:8)
  Pikel (D:8)
  A deep elf pyromancer (D:12)
  An ugly thing (D:11)
  2 cyclopes (D:12)
  2 manticores
  Maurice (D:8)
  Joseph (D:7)
  3 kobold demonologists
  A komodo dragon (D:10)
  2 trolls
  A hornet (D:10)
  A wraith (D:12)
  4 yaks (D:10)
  Eustachio (D:5)
  A steam dragon (D:7)
  13 vampire mosquitoes
  Menkaure (D:5)
  Edmund (D:5)
  An acid dragon (D:10)
  2 water moccasins
  Duvessa (D:7)
  2 orc warriors
  A black bear (D:5)
  A swamp drake (D:11)
  3 ice beasts
  5 wolves (Bailey)
  3 centaurs
  4 lemures (D:8)
  A phantom (D:6)
  3 kobold brigands
  2 bullfrogs
  9 gnoll sergeants
  A necrophage (D:6)
  5 scorpions
  Dowan (D:7)
  5 wights (D:9)
  8 killer bees (D:9)
  2 howler monkeys (D:7)
  7 hounds
  A jelly (D:4)
  5 orc priests
  Crazy Yiuf (D:5)
  7 gnoll boudas (Bailey)
  9 orc wizards
  Natasha (thrice) (D:2)
  4 iguanas
  27 gnolls
  7 adders
  A white imp (D:8)
  4 ufetubi
  A worm (D:5)
  3 dart slugs
  53 orcs
  4 bats
  7 endoplasms
  18 goblins
  12 hobgoblins
  2 jackals (D:1)
  3 quokkas
  5 ball pythons
  2 frilled lizards
  25 kobolds
  2 rats
313 creatures vanquished.

Vanquished Creatures (others)
  An unseen horror (D:11)
  An orc warrior (D:11)
  2 fungi (D:5)
  18 plants
22 creatures vanquished.

Grand Total: 335 creatures vanquished

Notes
Turn   | Place    | Note
-------+----------+-------------------------------------------
     0 | D:1      | XanderDroid the Troll Fighter began the quest for the Orb.
     0 | D:1      | Reached XP level 1. HP: 22/22 MP: 0/0
   336 | D:1      | Reached XP level 2. HP: 29/29 MP: 1/1
   941 | D:2      | Noticed Natasha
   949 | D:2      | Killed Natasha
   950 | D:2      | Reached skill level 3 in Unarmed Combat
   950 | D:2      | Reached XP level 3. HP: 30/36 MP: 2/2
  1024 | D:2      | Noticed Natasha
  1039 | D:2      | Killed Natasha
  1040 | D:2      | Reached XP level 4. HP: 29/44 MP: 3/3
  1251 | D:2      | Found a faded altar of an unknown god.
  1424 | D:2      | Noticed Natasha
  1428 | D:2      | Killed Natasha
  1558 | D:3      | Found a basalt altar of Yredelemnul.
  1560 | D:3      | Noticed a profane servitor
  1584 | D:3      | Found a glowing golden altar of the Shining One.
  1586 | D:3      | Noticed an angel
  2076 | D:3      | Reached XP level 5. HP: 53/53 MP: 4/4
  2087 | D:4      | Reached skill level 4 in Unarmed Combat
  2378 | D:4      | Found an ornate altar of the Wu Jian Council.
  2390 | D:4      | Became a worshipper of the Wu Jian Council
  2522 | D:5      | Entered Level 5 of the Dungeon
  2522 | D:5      | Noticed Menkaure
  2531 | D:5      | Killed Menkaure
  2532 | D:5      | Reached skill level 5 in Unarmed Combat
  2532 | D:5      | Reached XP level 6. HP: 32/61 MP: 5/5
  2635 | D:4      | Reached * piety under Wu Jian
  2961 | D:4      | Found a radiant altar of Vehumet.
  3081 | D:5      | Reached XP level 7. HP: 48/68 MP: 6/6
  3136 | D:5      | Reached skill level 6 in Unarmed Combat
  3209 | D:5      | Noticed Eustachio
  3214 | D:5      | Killed Eustachio
  3302 | D:5      | Noticed Edmund
  3312 | D:5      | Killed Edmund
  3313 | D:5      | Reached skill level 5 in Shields
  3313 | D:5      | Reached XP level 8. HP: 40/79 MP: 7/7
  3407 | D:5      | Reached skill level 7 in Unarmed Combat
  3739 | D:5      | Found a runed translucent door.
  3740 | D:5      | Noticed Crazy Yiuf
  3745 | D:5      | Killed Crazy Yiuf
  3958 | D:6      | Reached skill level 5 in Fighting
  3963 | D:6      | HP: 4/80 [poisoned by a water moccasin]
  4080 | D:6      | You fall into a shaft and drop 1 floor!
  4184 | D:6      | Reached skill level 8 in Unarmed Combat
  4187 | D:6      | Found a broken altar of Ashenzari.
  4278 | D:6      | Reached ** piety under Wu Jian
  4464 | D:6      | Reached XP level 9. HP: 85/88 MP: 8/8
  4695 | D:7      | Found Duypan's Magic Scroll Emporium.
  4708 | D:7      | Found Fanlotti's Assorted Antiques.
  4725 | D:7      | Bought a scroll labelled TOMYDO URISHO for 22 gold pieces
  4725 | D:7      | Bought a potion of attraction for 66 gold pieces
  4739 | D:7      | Bought a scroll of vulnerability for 56 gold pieces
  4753 | D:7      | Bought a scroll of silence for 133 gold pieces
  4811 | D:7      | Noticed Joseph
  4827 | D:7      | HP: 4/88 [Joseph/+2 heavy quarterstaff (12)]
  4830 | D:7      | Killed Joseph
  4831 | D:7      | Reached skill level 9 in Unarmed Combat
  5180 | D:7      | Noticed Duvessa
  5180 | D:7      | Noticed Dowan
  5187 | D:7      | Killed Duvessa
  5187 | D:7      | Reached *** piety under Wu Jian
  5192 | D:7      | Killed Dowan
  5520 | D:7      | Found a staircase to the Ecumenical Temple.
  5525 | Temple   | Entered the Ecumenical Temple
  5655 | D:8      | Noticed Pikel
  5744 | D:8      | Noticed Erica
  5762 | D:8      | Killed Erica
  5763 | D:8      | Reached skill level 10 in Unarmed Combat
  5871 | D:8      | Killed Pikel
  5872 | D:8      | Reached XP level 10. HP: 77/100 MP: 9/9
  5919 | D:8      | Noticed Maurice
  5941 | D:8      | Killed Maurice
  6502 | D:9      | Noticed a two-headed ogre
  6522 | D:9      | Killed a two-headed ogre
  6526 | D:9      | Reached **** piety under Wu Jian
  6607 | D:9      | Found a flagged portal.
  6628 | Bailey   | Entered a bailey
  6750 | Bailey   | Reached skill level 11 in Unarmed Combat
  6989 | Bailey   | Reached skill level 5 in Dodging
  7114 | Bailey   | Identified the +0 ring mail of Surprise {*Corrode Int+3
                  | Dex+3}
  7259 | D:9      | Reached ***** piety under Wu Jian
  7313 | D:9      | Found a burning altar of Makhleb.
  7430 | D:9      | Found an iron altar of Okawaru.
  7430 | D:9      | Found a bloodstained altar of Trog.
  7576 | D:10     | Entered Level 10 of the Dungeon
  7665 | D:10     | Found a faded altar of an unknown god.
  7665 | D:10     | Found a shimmering altar of Xom.
  7673 | D:10     | Found a glowing silver altar of Zin.
  7704 | D:10     | Reached XP level 11. HP: 107/109 MP: 10/10
  7719 | D:10     | Found a faded altar of an unknown god.
  7721 | D:10     | Found a hazy altar of Hepliaklqana.
  8026 | D:10     | Noticed a sun demon
  8447 | D:10     | Found a staircase to the Lair.
  8469 | D:10     | Reached skill level 12 in Unarmed Combat
  8567 | D:7      | Bought a scroll of teleportation for 42 gold pieces
  8567 | D:7      | Bought a scroll of blinking for 105 gold pieces
  8567 | D:7      | Bought a scroll of enchant armour for 105 gold pieces
  8567 | D:7      | Bought a scroll of fog for 56 gold pieces
  8567 | D:7      | Bought a scroll of identify for 28 gold pieces
  8567 | D:7      | Bought a scroll of identify for 28 gold pieces
  9297 | D:11     | Noticed a white ugly thing
  9311 | D:11     | Found a staircase to the Orcish Mines.
  9486 | D:11     | Killed a white ugly thing
  9927 | D:12     | Noticed a deep elf pyromancer
  9990 | D:12     | Killed a deep elf pyromancer
 10339 | D:12     | Reached skill level 13 in Unarmed Combat
 10344 | D:12     | HP: 3/111 [something (11)]
 10347 | D:12     | Slain by a vampire

Illustrated notes

Levels and vault maps discovered:
D:1:      minmay_arrival_four_houses, layout_loops_cross, serial_glass,
          glass_columns_a, glass_columns_c, glass_columns_b, glass_columns_a,
          glass_columns_a, glass_columns_b, chequers_big_river,
          minmay_tetromino_l4
D:2:      layout_loops_ring, hellmonk_ecumenical_altar_leap_of_faith,
          uniq_natasha
D:3:      layout_rooms, grunt_temple_overflow_holy_war, st_stairs_6
D:4:      minmay_angry_zag, layout_cave_pools, nzn_wu_jian_contemplation,
          mainiacjoe_overflow_brackets
D:5:      layout_gridville, uniq_edmund, uniq_menkaure, uniq_crazy_yiuf_cottage,
          uniq_eustachio
D:6:      layout_basic, nicolae_ashenzari_skybound
D:7:      corexii_shantytown, layout_basic, temple_doors_ab, serial_shops,
          nicolae_stop_n_shop_2, shop, uniq_joseph, uniq_duvessa
D:8:      layout_rooms, minmay_misc_feat_rugged, uniq_erica, uniq_pikel,
          uniq_maurice
D:9:      layout_roguey, grunt_temple_overflow_bloody_war, kennysheep_mini_moat,
          enter_bailey_3, chequers_serial_rivers_room_b
D:10:     layout_cave_pods, chequers_temple_overflow_minitemple,
          david_lair_shrubbed
D:11:     layout_loops_corners, erik_orc_1, hangedman_decor_push
D:12:     layout_roguey, serial_shops, nicolae_shop_advertising_works
          [nicolae_subvault_shop_adworks]
Temple:   chequers_temple_sunken

Skill      XL: |  1  2  3  4  5  6  7  8  9 10 11 |
---------------+----------------------------------+-----
Shields        | 3 4 5 6 7 8 |  8.9
Unarmed Combat | 3 5 6 8 10 11 13 | 13.0
Fighting       | 3 4 5 6 7 8 |  8.1
Dodging        | 4 5 6 |  6.3

Action                     |  1- 3 |  4- 6 |  7- 9 | 10-12 || total
---------------------------+-------+-------+-------+-------++-------
  Melee: Unarmed           |    79 |   158 |   315 |   432 ||   984
  Throw: Dart              |       |       |     2 |     1 ||     3
Ability: Lunge             |       |     6 |    24 |    42 ||    72
         Whirlwind         |       |     1 |    21 |    33 ||    55
  Evoke: Wand              |       |       |       |    16 ||    16
    Use: Scroll            |       |     3 |     7 |     8 ||    18
         Potion            |       |       |       |     5 ||     5
   Stab: Sleeping          |       |     1 |       |       ||     1
         Distracted        |       |       |     1 |       ||     1
 Armour: Robe              |    19 |    40 |    61 |   122 ||   242
  Dodge: Dodged            |    21 |    48 |    83 |   150 ||   302
  Block: Kite shield       |    21 |    76 |   121 |   223 ||   441

Table legend: (Time is in decaauts)
 A = Elapsed time spent in this place.
 B = Non-inter-level travel time spent in this place.
 C = Inter-level travel time spent in this place.
 D = Time resting spent in this place.
 E = Time spent auto-exploring this place.
 F = Levels seen in this place.
 G = Mean time per level.
                   A        B        C        D        E       F      G
               +--------+--------+--------+--------+--------+-----+--------+
         Total |  10346 |   9080 |   1266 |    139 |   4000 |  14 |  739.0 |
       Dungeon |   9735 |   8469 |   1266 |    124 |   4000 |  12 |  811.2 |
        Temple |     87 |     87 |      0 |      0 |      0 |   1 |   87.0 |
        Bailey |    523 |    523 |      0 |     15 |      0 |   1 |  523.0 |
               +--------+--------+--------+--------+--------+-----+--------+

Top non-repeatable levels by time:
    D:11: 1224 daAuts
    D:10: 1051 daAuts
     D:5: 955 daAuts
     D:7: 929 daAuts
     D:1: 856 daAuts
     D:4: 831 daAuts
     D:6: 796 daAuts
     D:9: 783 daAuts
     D:2: 672 daAuts
     D:8: 647 daAuts
     D:3: 600 daAuts
  Bailey: 523 daAuts
    D:12: 386 daAuts
  Temple: 87 daAuts
